 Dungeon Crawl Stone Soup version 0.28-a0-1624-g820543e53a (webtiles) character file.

Game seed: 13669711766534318687

1801 HallandMoats the Vandal (level 9, 0/74 HPs)
             Began as a Ghoul Hunter on Jan 23, 2022.
             Was a Priest of Makhleb.
             Slain by an orc warrior (15 damage)
             ... on level 6 of the Dungeon.
             The game lasted 00:05:58 (5839 turns).

HallandMoats the Vandal (Ghoul Hunter)              Turns: 5839, Time: 00:05:58

Health: 0/74       AC:  7    Str: 22    XL:     9   Next: 9%
Magic:  12/12      EV: 11    Int:  6    God:    Makhleb [***...]
Gold:   304        SH:  0    Dex: 13    Spells: 8/8 levels left

rFire   . . .      SeeInvis .   a - +1 hunting sling
rCold   + . .      Faith    .   (no shield)
rNeg    + + +      Spirit   .   t - +0 scale mail
rPois   ∞          Reflect  .   (no helmet)
rElec   .          Harm     .   (no cloak)
rCorr   .          Rampage  .   (no gloves)
Will    .....                   (no boots)
Stlth   ..........              (no amulet)
HPRegen 0.00/turn               m - +6 ring of strength
MPRegen 0.13/turn               (no ring)

@: inhibited regen
A: claws 1, cold resistance 1, negative energy resistance 3, inhibited
regeneration, torment resistance 2
a: Renounce Religion, Minor Destruction, Lesser Servant of Makhleb


You were on level 6 of the Dungeon.
You worshipped Makhleb.
Makhleb was most pleased with you.
You visited 1 branch of the dungeon, and saw 6 of its levels.

You collected 304 gold pieces.

Inventory:

Hand Weapons
 a - a +1 hunting sling (weapon)
 b - a +0 short sword
Missiles
 d - 27 sling bullets (quivered ammo)
 e - 127 stones
Armour
 k - the +0 cloak of Compression {*Slow rPois rF+}
   (You found it on level 2 of the Dungeon)

   rF:        It protects you from fire.
   rPois:     It protects you from poison.
   *Slow:     It may slow you when you take damage.
 t - a +0 scale mail (worn)
Jewellery
 m - a +6 ring of strength (left claw)
Wands
 p - a wand of digging (2)
Scrolls
 c - a scroll of torment {unknown}
 g - 5 scrolls of identify {unknown}
 i - 2 scrolls of teleportation {unknown}
 o - 2 scrolls of immolation {unknown}
 q - a scroll of magic mapping {unknown}
 s - a scroll of amnesia {unknown}
 u - a scroll of acquirement {unknown}
 w - a scroll of vulnerability {unknown}
Potions
 f - a potion of mutation {unknown}
 h - a potion of degeneration {unknown}
 j - 5 potions of brilliance {unknown}
 l - 2 potions of might {unknown}
 n - a potion of heal wounds {unknown}
 r - a potion of curing {unknown}
 v - 2 potions of attraction {unknown}


   Skills:
 + Level 5.3 Fighting
 * Level 6.9 Slings
 + Level 3.8 Armour
 + Level 4.4 Dodging
 - Level 1.1 Stealth
 * Level 5.5 Invocations


You had 8 spell levels left.
You didn't know any spells.
Your spell library contained the following spells:

 Spells                   Type           Power      Damage    Failure   Level
 Apportation              Tloc           0%         N/A       77%         1
 Hailstorm                Conj/Ice       0%         3d3       100%        4
 Alistair's Intoxication  Tmut/Pois      0%         N/A       100%        5
 Simulacrum               Ice/Necr       0%         N/A       100%        6
 Ice Form                 Ice/Tmut       Unusable   N/A       N/A         4

Dungeon Overview and Level Annotations

Branches:
Dungeon (6/15)             Temple (0/1) D:4

Altars:
Fedhas
Gozag
Kikubaaqudgha
Makhleb
Sif Muna
Uskayaw

Shops:
D:5 *

Annotations:
D:4 exclusion: oklob sapling
D:6 3 runed translucent doors, porpoise's ghost, novice DsTm


Innate Abilities, Weirdness & Mutations

You thrive by killing the living.
You are immune to poison.
You have sharp fingernails.
Your flesh is cold resistant. (rC+)
You are immune to negative energy. (rN+++)
You do not regenerate when monsters are visible.
You are immune to unholy pain and torment.


Message History

The sling bullet barely misses the orc warrior.
You shoot a sling bullet.
The sling bullet closely misses the orc warrior.
The orc warrior hits you with a +0 battleaxe!
You shoot a sling bullet.
The sling bullet barely misses the orc warrior.
The orc warrior hits you with a +0 battleaxe!
You shoot a sling bullet. The sling bullet hits the orc warrior.
The orc warrior is moderately wounded.
You shoot a sling bullet.
The sling bullet closely misses the orc warrior.
The orc warrior misses you. The orc hits you with a +0 dagger.
You shoot a sling bullet.
The sling bullet barely misses the orc warrior.
The orc warrior hits you with a +0 battleaxe!
The orc closely misses you.
You shoot a sling bullet.
The sling bullet completely misses the orc warrior.
You shoot a sling bullet. The sling bullet hits the orc warrior!
The orc warrior is heavily wounded.
The orc warrior hits you with a +0 battleaxe!
The orc hits you but does no damage.
Porpoise's ghost ripples.
Fire: 29 sling bullets
Press: ? - help, Q - select action, (/) - cycle Shift-Dir - straight line, f - orc, p - orc warrior
Aim: an orc, wielding a +0 dagger (64% to hit)
You shoot a sling bullet. The sling bullet hits the orc warrior.
The orc warrior is severely wounded.
The orc warrior hits you with a +0 battleaxe.
* * * LOW HITPOINT WARNING * * *
Fire: 28 sling bullets
Press: ? - help, Q - select action, (/) - cycle Shift-Dir - straight line, f/p - orc
Aim: an orc, wielding a +0 dagger (64% to hit)
You shoot a sling bullet.
The sling bullet closely misses the orc warrior.
The sling bullet barely misses the orc.
The orc warrior closely misses you.
A demon appears!
The orc warrior hits you with a +0 battleaxe!
You die...

#+# ## #(#
(...###.#######
....(.(o3......
#####o# ###
#.#.#W#@## ..#.#
#...ZZ#..########
..#.#
##$..Z+.........#
..#.#
#+##.)..Z+...#####.#
..#.#
#.###$...+..###
..#.#
#.##.....#....#
..#.#
#.##.#.#.#....#
..#.#
#.########....#
..#.# #.# #........#


You could see a spectral killer bee, a spectral centaur, an orc warrior,
porpoise's ghost, a howler monkey simulacrum, an orc (ally target), a centaur
skeleton and a friendly ynoxinul (summoned).

Vanquished Creatures
  A water moccasin (D:3)
  A black bear (D:5)
  2 ice beasts (D:6)
  6 ogres
  A phantom (D:6)
  Blork the orc (D:6)
  4 scorpions
  A gnoll sergeant (D:5)
  2 jellies
  2 bullfrog skeletons
  3 hounds
  An iguana (D:5)
  2 hound skeletons
  7 adders
  3 gnolls (D:5)
  A shadow imp (D:5)
  3 white imps
  2 worms (D:2)
  3 dart slugs
  5 orcs
  6 bats
  3 endoplasms
  4 giant cockroaches
  9 goblins
  9 hobgoblins
  2 jackals (D:4)
  5 quokkas
  8 ball pythons
  5 frilled lizards
  7 kobolds
  8 rats
117 creatures vanquished.

Vanquished Creatures (others)
  3 plants (D:4)
3 creatures vanquished.

Grand Total: 120 creatures vanquished

Notes
Turn   | Place    | Note
-------+----------+-------------------------------------------
     0 | D:1      | HallandMoats the Ghoul Hunter began the quest for the Orb.
     0 | D:1      | Reached XP level 1. HP: 17/17 MP: 0/0
   225 | D:1      | Reached XP level 2. HP: 25/25 MP: 1/1
   733 | D:1      | Found a faded altar of an unknown god.
   796 | D:1      | Prayed at the altar of an unknown god.
   796 | D:1      | Became a worshipper of Makhleb the Destroyer
   796 | D:1      | Reached * piety under Makhleb
   887 | D:2      | Reached skill level 4 in Slings
   887 | D:2      | Reached XP level 3. HP: 30/30 MP: 2/2
   910 | D:2      | Reached skill level 1 in Armour
  1033 | D:2      | Identified the +0 cloak of Compression {*Slow rPois rF+}
  1112 | D:2      | Reached XP level 4. HP: 37/37 MP: 3/3
  1613 | D:2      | Reached ** piety under Makhleb
  1740 | D:3      | Noticed a water moccasin
  1748 | D:3      | Killed a water moccasin
  1749 | D:3      | Reached XP level 5. HP: 45/45 MP: 4/4
  2371 | D:4      | Found a staircase to the Ecumenical Temple.
  2388 | D:4      | Reached XP level 6. HP: 32/51 MP: 5/5
  2488 | D:4      | Reached skill level 5 in Slings
  2488 | D:4      | Reached skill level 1 in Invocations
  2933 | D:4      | Reached XP level 7. HP: 25/58 MP: 7/7
  3229 | D:5      | Entered Level 5 of the Dungeon
  3295 | D:5      | Found Gozag's Platinum Reserve.
  3458 | D:5      | Reached *** piety under Makhleb
  3750 | D:5      | Found an opulent altar of Gozag.
  3860 | D:5      | Reached XP level 8. HP: 67/67 MP: 9/9
  3869 | D:5      | Reached skill level 6 in Slings
  3894 | D:5      | Found a blossoming altar of Fedhas.
  3894 | D:5      | Found an ancient bone altar of Kikubaaqudgha.
  4394 | D:5      | Found a burning altar of Makhleb.
  4399 | D:5      | Found a hide-covered altar of Uskayaw.
  4512 | D:5      | Identified the +1 robe "Edwoih" {Contam rElec rN+}
  4582 | D:5      | Found a shimmering blue altar of Sif Muna.
  4969 | D:6      | Noticed Blork the orc
  4986 | D:6      | Killed Blork the orc
  4987 | D:6      | Reached skill level 5 in Fighting
  5206 | D:6      | Reached skill level 5 in Invocations
  5496 | D:6      | Reached XP level 9. HP: 70/74 MP: 11/11
  5808 | D:6      | Found a runed translucent gate.
  5809 | D:6      | Found a runed translucent gate.
  5810 | D:6      | Found a runed translucent gate.
  5816 | D:6      | Noticed porpoise's ghost (novice DsTm)
  5839 | D:6      | Slain by an orc warrior

Illustrated notes

Levels and vault maps discovered:
D:1:      dpeg_arrival_prison, layout_loops_ring,
          chequers_ecumenical_altar_island
D:2:      layout_basic, serial_glass, glass_columns_a, glass_columns_b
D:3:      layout_basic, minmay_misc_feat_rows
D:4:      layout_basic, minmay_temple_entry_oklob, st_stairs_11
D:5:      layout_basic, grunt_temple_overflow_growth_and_decay,
          mainiacjoe_overflow_alcove_1,
          chequers_temple_overflow_statue_of_worship,
          nicolae_gozag_zags_fifth_avenue
D:6:      layout_basic, gammafunk_ghost_necromancy, uniq_blork_the_orc

Skill      XL: |  1  2  3  4  5  6  7  8 |
---------------+-------------------------+-----
Dodging        | 2 3 4 |  4.4
Slings         | 4 5 6 |  6.9
Armour         | 1 2 3 |  3.8
Fighting       | 3 4 5 |  5.3
Invocations    | 2 3 5 |  5.5
Stealth        | |  1.1

Action                   |  1- 3 |  4- 6 |  7- 9 || total
-------------------------+-------+-------+-------++-------
 Fire: Hunting sling     |    98 |   151 |   204 ||   453
Invok: Lesser Servant of |       |       |     1 ||     1
Armor: Leather armour    |    16 |     8 |       ||    24
       Ring mail         |       |    15 |    13 ||    28
       Scale mail        |       |       |    13 ||    13
Dodge: Dodged            |    23 |    36 |    55 ||   114

Table legend: (Time is in decaauts)
 A = Elapsed time spent in this place.
 B = Non-inter-level travel time spent in this place.
 C = Inter-level travel time spent in this place.
 D = Time resting spent in this place.
 E = Time spent auto-exploring this place.
 F = Levels seen in this place.
 G = Mean time per level.
                   A        B        C        D        E       F      G
               +--------+--------+--------+--------+--------+-----+--------+
         Total |   5816 |   5523 |    293 |    100 |   4617 |   6 |  969.3 |
       Dungeon |   5816 |   5523 |    293 |    100 |   4617 |   6 |  969.3 |
               +--------+--------+--------+--------+--------+-----+--------+

Top non-repeatable levels by time:
     D:5: 1721 daAuts
     D:1: 885 daAuts
     D:4: 879 daAuts
     D:6: 865 daAuts
     D:2: 793 daAuts
     D:3: 672 daAuts
